 Dungeon Crawl Stone Soup version 0.20.1-1-g8b1a95d (webtiles) character file.

527 vishdafish the Chiller (level 7, 0/36 HPs)
             Began as a Deep Elf Ice Elementalist on July 11, 2017.
             Slain by a sky beast (1 damage)
             ... on level 5 of the Dungeon.
             The game lasted 00:14:22 (5406 turns).

vishdafish the Chiller (Deep Elf Ice Elementalist)  Turns: 5406, Time: 00:14:23

Health: 0/36       AC:  3    Str:  5    XL:     7   Next: 2%
Magic:  11/16      EV: 15    Int: 21    God:
Gold:   189        SH:  0    Dex: 16    Spells: 9/15 levels left

rFire    . . .     SeeInvis .   k - +2 dagger (elec)
rCold    . . .     Gourm    .   (no shield)
rNeg     . . .     Faith    .   a - +0 robe
rPois    .         Spirit   .   B - +0 helmet (curse)
rElec    .         Reflect  .   (no cloak)
rCorr    .         Harm     .   (no gloves)
MR       .....                  (no boots)
Stlth    +++.......             (no amulet)
Regen    0.2/turn               (no ring)
MPRegen  0.2/turn               (no ring)

@: no status effects
A: no striking features
a: no special abilities


You were on level 5 of the Dungeon.
You were not hungry.

You visited 1 branch of the dungeon, and saw 5 of its levels.

You collected 189 gold pieces.

Inventory:

Hand Weapons
 c - a +0 dagger of venom
 i - a +0 dagger
 j - a +1 dagger of venom
 k - a +2 dagger of electrocution (weapon)
Armour
 a - a +0 robe (worn)
 p - a +0 helmet
 B - a cursed +0 helmet (worn)
Jewellery
 u - a +4 ring of intelligence {unknown}
Wands
 s - a wand of polymorph (19/24)
 x - a wand of disintegration (13/24)
 y - a wand of iceblast (6/15)
Scrolls
 d - 3 scrolls of recharging {unknown}
 e - 7 scrolls of identify {unknown}
 o - 4 scrolls of teleportation {unknown}
 q - a scroll of random uselessness {unknown}
 r - a scroll of noise {unknown}
 v - 2 scrolls of blinking {unknown}
 w - a scroll of amnesia {unknown}
 C - 2 scrolls of fear {unknown}
Potions
 f - a potion of haste {unknown}
 h - a potion of might {unknown}
 m - a potion of curing {unknown}
 n - a potion of ambrosia {unknown}
 z - a potion of invisibility {unknown}
Books
 b - a book of Frost

   Spells                             Type                      Level
   a - Freeze                         Ice                          1
   b - Throw Frost                    Conjuration/Ice              2
   c - Ozocubu's Armour               Charms/Ice                   3
   d - Throw Icicle                   Conjuration/Ice              4
   e - Summon Ice Beast               Ice/Summoning                4
 A - a book of Minor Magic

   Spells                             Type                      Level
   a - Magic Dart                     Conjuration                  1
   b - Blink                          Translocation                2
   c - Call Imp                       Summoning                    2
   d - Slow                           Hexes                        2
   e - Conjure Flame                  Conjuration/Fire             3
   f - Mephitic Cloud                 Conjuration/Poison/Air       3
Comestibles
 g - 4 fruits
 l - a royal jelly
 t - 2 bread rations


   Skills:
 + Level 3.0 Short Blades
 + Level 4.4 Dodging
 * Level 4.3 Stealth
 - Level 4.6 Spellcasting
 - Level 1.1 Conjurations
 - Level 5.6 Ice Magic


You had 9 spell levels left.
You knew the following spells:

 Your Spells              Type           Power        Failure   Level  Hunger
a - Freeze                Ice            ####         1%          1    None
b - Throw Frost           Conj/Ice       ###...       4%          2    #......
c - Ozocubu's Armour      Chrm/Ice       ###.....     11%         3    ##.....


Dungeon Overview and Level Annotations

Branches:
Dungeon (5/15)
 Temple: D:4-7

Altars:
Elyvilon
Gozag
Kikubaaqudgha
Makhleb
Trog
Xom
The Shining One

Annotations:
D:4 1 exclusion, Vojta's ghost, amateur FoFi


Message History

Press: ? - help, Shift-Dir - straight line You freeze something.
Something barely misses you.
Casting: Freeze
Confirm with . or Enter, or press ? or * to list all spells.
Aiming: Freeze
Press: ? - help, Shift-Dir - straight line You freeze something.
Something hits you.
* * * LOW HITPOINT WARNING * * *
Something shocks you.
* * * LOW HITPOINT WARNING * * *
Okay, then.
Casting: Freeze
Confirm with . or Enter, or press ? or * to list all spells.
Okay, then.
Casting: Freeze
Confirm with . or Enter, or press ? or * to list all spells.
Aiming: Freeze
Press: ? - help, Shift-Dir - straight line You freeze something.
Something hits you.
You die...

##..........#
#........##
.##.........#
#.......## ###
...###.....## #.......#
##.. ##..#########
#......## ##...
###..........###......#
##....
##.................##
##..... #..######
###....## ##.>.... ##.#
#....## #....... #.#
#@....## ##....... #.##
#{.##..###........ #..#
#.####.##......... #..#
#.# ############# #..#
#.. ##.# #.#. #.# #....
#.# ### .. #.# ...


There were no monsters in sight!

Vanquished Creatures
  An ice beast (D:5)
  2 scorpions
  A howler monkey (D:4)
  A crimson imp (D:4)
  A hound (D:4)
  An orc wizard (D:5)
  2 worker ant zombies (D:5)
  A howler monkey zombie (D:5)
  4 adders
  2 shadow imps (D:5)
  2 oozes (D:3)
  2 worms
  4 dart slugs
  3 leopard geckos (D:1)
  12 orcs
  A ball python (D:5)
  3 giant cockroaches
  10 goblins
  7 hobgoblins
  6 jackals
  8 kobolds
  3 quokkas
  8 bats
  6 frilled lizards
  7 rats
98 creatures vanquished.

Vanquished Creatures (others)
  A jackal (D:2)
  A rat (D:2)
2 creatures vanquished.

Grand Total: 100 creatures vanquished

Notes
Turn   | Place    | Note
-------+----------+-------------------------------------------
     0 | D:1      | vishdafish the Deep Elf Ice Elementalist began the quest for the Orb.
     0 | D:1      | Reached XP level 1. HP: 10/10 MP: 6/6
   153 | D:1      | Reached XP level 2. HP: 14/15 MP: 2/8
   492 | D:1      | Reached skill level 4 in Ice Magic
   704 | D:1      | Reached XP level 3. HP: 8/19 MP: 7/9
  2368 | D:2      | Reached XP level 4. HP: 13/24 MP: 6/11
  2687 | D:2      | Found a bloodstained altar of Trog.
  3079 | D:3      | Found a glowing golden altar of the Shining One.
  3295 | D:3      | Reached skill level 1 in Short Blades
  3465 | D:3      | Found an opulent altar of Gozag.
  3468 | D:3      | Found a burning altar of Makhleb.
  3471 | D:3      | Found a white marble altar of Elyvilon.
  3474 | D:3      | Found a shimmering altar of Xom.
  3616 | D:4      | Reached skill level 5 in Ice Magic
  3616 | D:4      | Reached XP level 5. HP: 24/28 MP: 8/13
  3654 | D:4      | Learned a level 2 spell: Throw Frost
  3658 | D:4      | Learned a level 3 spell: Ozocubu's Armour
  3752 | D:4      | Found an ancient bone altar of Kikubaaqudgha.
  4099 | D:4      | Reached XP level 6. HP: 32/32 MP: 11/15
  4174 | D:4      | Noticed Vojta's ghost (amateur FoFi)
  4181 | D:5      | Entered Level 5 of the Dungeon
  4388 | D:5      | Noticed an ice beast
  4409 | D:5      | Killed an ice beast
  5075 | D:5      | Noticed a sky beast
  5224 | D:5      | Reached XP level 7. HP: 30/36 MP: 16/16
  5403 | D:5      | HP: 1/36 [something (6)]
  5406 | D:5      | Slain by a sky beast

Skill      XL: |  1  2  3  4  5  6 |
---------------+-------------------+-----
Ice Magic      | 4 5 |  5.6
Dodging        | 3 4 |  4.4
Spellcasting   | 4 |  4.6
Short Blades   | 1 2 3 |  3.0
Stealth        | 4 |  4.3
Conjurations   | |  1.1

Action                   |  1- 3 |  4- 6 |  7- 9 || total
-------------------------+-------+-------+-------++-------
Melee: Unarmed           |    66 |       |       ||    66
       Dagger            |    40 |   121 |    23 ||   184
 Cast: Freeze            |    40 |    36 |     4 ||    80
       Throw Frost       |       |    17 |     3 ||    20
       Ozocubu's Armour  |       |     1 |       ||     1
 Stab: Sleeping          |     5 |     7 |       ||    12
  Eat: Chunk             |     2 |     3 |       ||     5
       Bread ration      |     1 |       |       ||     1
       Meat ration       |       |     1 |       ||     1
Armor: Robe              |    32 |    18 |     2 ||    52
Dodge: Dodged            |    93 |    77 |    14 ||   184
